 Dungeon Crawl Stone Soup version 0.29-a0-419-g77450f2105 (webtiles) character file.

Game seed: 5796243567529792589

23963 Kenran the Martial Artist (level 12, -2/64 HPs)
             Began as a Spriggan Transmuter on May 17, 2022.
             Was an Initiate of Gozag.
             Slain by an eight-headed hydra (4 damage)
             ... on level 3 of the Lair of Beasts on May 18, 2022.
             The game lasted 01:05:58 (24375 turns).

Kenran the Martial Artist (Spriggan Transmuter)    Turns: 24375, Time: 01:05:58

Health: -2/64      AC:  6    Str:  4      XL:     12   Next: 76%
Magic:  20/21      EV: 32    Int: 14      God:    Gozag
Gold:   2394       SH:  5    Dex: 25 (26) Spells: 14/22 levels left

rFire   . . .      SeeInvis +     - Unarmed
rCold   . . .      Faith    .   (shield currently unavailable)
rNeg    . . .      Spirit   .   (body armour currently unavailable)
rPois   x          Reflect  +   (helmet currently unavailable)
rElec   .          Harm     .   (cloak currently unavailable)
rCorr   .          Rampage  .   (gloves unavailable)
Will    ++...      Rage     1%  (boots unavailable)
Stlth   +++++.....              g - amulet of reflection
HPRegen 0.20/turn               l - +4 ring of protection
MPRegen 0.17/turn               C - ring of flight

@: spider-form, gold aura, flying, unable to read
A: venomous fangs, tiny, no large weapons, unfitting armour, see invisible,
(speed 3), berserk 1, deterioration 1, weak 1, inability to read while
threatened
a: End Transformation, Renounce Religion, Potion Petition, Call Merchant, Bribe
Branch


You were on level 3 of the Lair of Beasts.
You worshipped Gozag.
Gozag was most pleased with you.
You were a venomous arachnid creature.
You visited 3 branches of the dungeon, and saw 14 of its levels.
You also visited: Ossuary.

You collected 2787 gold pieces.
You spent 248 gold pieces at shops.
You paid 145 gold pieces to Gozag.

Inventory:

Missiles
 c - 317 stones
 h - 7 curare-tipped darts
 y - a throwing net
 A - 25 poisoned darts
Armour
 v - a +1 cloak of stealth (melded)
 w - a +2 robe of cold resistance (melded)
 B - a +0 buckler (melded)
Jewellery
 g - an amulet of reflection (around neck)
 l - a +4 ring of protection (left front leg)
 C - a ring of flight (right front leg)
Wands
 n - a wand of digging (2)
 o - a wand of polymorph (14)
 D - a wand of acid (4)
 G - a wand of iceblast (6)
 H - a wand of mindburst (7)
Scrolls
 b - 5 scrolls of teleportation
 d - 2 scrolls of summoning
 f - 4 scrolls of immolation {!r}
 j - a scroll of fear
 k - 3 scrolls of blinking
 m - 4 scrolls of enchant weapon
 p - 2 scrolls of fog {unknown}
 q - a scroll of identify {@r1}
 r - 2 scrolls of torment {!r}
 s - 3 scrolls of magic mapping
 t - a scroll of silence {unknown}
 u - a scroll of amnesia {unknown}
 E - a scroll of brand weapon {unknown}
 I - a scroll of vulnerability {unknown}
Potions
 a - a potion of magic
 e - a potion of flight
 i - 8 potions of curing {@q1}
 x - a potion of might
 z - 4 potions of haste
 J - a potion of brilliance {unknown}
 K - a potion of ambrosia {unknown}


   Skills:
 - Level 8.0 Fighting
 + Level 10.3 Dodging
 + Level 10.5 Stealth
 - Level 3.0 Shields
 * Level 12.2 Unarmed Combat
 + Level 5.6 Spellcasting
 - Level 8.0 Transmutations
 - Level 2.0 Ice Magic
 - Level 1.4 Poison Magic
 - Level 3.0 Evocations


You had 14 spell levels left.
You knew the following spells:

 Your Spells              Type           Power      Damage    Failure   Level
a - Beastly Appendage     Tmut           52%        N/A       4%          1
b - Spider Form           Tmut/Pois      17%        N/A       19%         3
c - Ice Form              Ice/Tmut       17%        N/A       43%         4

Your spell library contained the following spells:

 Spells                   Type           Power      Damage    Failure   Level
 Wereblood                Tmut           26%        N/A       4%          2
 Call Canine Familiar     Summ           3%         N/A       67%         3
 Portal Projectile        Hex/Tloc       6%         N/A       67%         3
 Cause Fear               Hex            1%         N/A       95%         4
 Leda's Liquefaction      Hex/Erth       1%         N/A       95%         4
 Dragon Form              Tmut           13%        N/A       100%        7
 Dragon's Call            Summ           1%         N/A       100%        9


Dungeon Overview and Level Annotations

Branches:
Dungeon (10/15)            Temple (1/1) D:7            Lair (3/6) D:9
  Swamp (0/4) Lair:2      Ossuary (visited)
  Snake: Lair:2-4    Spider: Lair:2-4       Orc: D:9-12

Altars:
Ashenzari
Dithmenos
Gozag
Makhleb
Nemelex Xobeh
Okawaru
Qazlal
Ru
Sif Muna
Trog
Yredelemnul

Shops:
D:1 ([*[*   D:8 *

Portals:
Abyss: Lair:3

Annotations:
Lair:2 1 runed translucent door, exclusion: oklob plant, Pujutuust's ghost, journeyman SpEn
Lair:3 1 transporter, Jano's ghost, journeyman DsBe


Innate Abilities, Weirdness & Mutations

You are a venomous arachnid creature.
You have poisonous fangs.
You are tiny and dextrous.
Your spellcasting is less reliable in this form.
Your armour is entirely melded.
You are incapable of wielding weapons or throwing items.
You are very small and have problems with some larger weapons.
You are too small for most types of armour.
You have supernaturally acute eyesight. (SInv)
((You cover ground extremely quickly. (Speed+++)))
You tend to lose your temper in combat.
Your body sometimes deteriorates upon taking damage.
You are weak. (Str -2)
You sometimes lose the ability to read scrolls when taking damage.


Message History

The water moccasin misses you.
The eight-headed hydra completely misses you. x2
You block the eight-headed hydra's attack.
The eight-headed hydra misses you.
The eight-headed hydra completely misses you.
The eight-headed hydra bites you.
The eight-headed hydra closely misses you.
The eight-headed hydra bites you!
You bite the water moccasin!
You kill the water moccasin!
The eight-headed hydra attacks as you move away!
The eight-headed hydra completely misses you.
You block the eight-headed hydra's attack.
The eight-headed hydra barely misses you.
The eight-headed hydra completely misses you.
The eight-headed hydra bites you.
The eight-headed hydra completely misses you.
The eight-headed hydra bites you.
* * * LOW HITPOINT WARNING * * *
The eight-headed hydra barely misses you.
The eight-headed hydra attacks as you move away!
The eight-headed hydra bites you.
* * * LOW HITPOINT WARNING * * *
You block the eight-headed hydra's attack.
The eight-headed hydra bites you but does no damage.
The eight-headed hydra completely misses you.
The eight-headed hydra bites you!
* * * LOW HITPOINT WARNING * * *
Your body deteriorates!
You feel clumsy.
The eight-headed hydra completely misses you. x2
The eight-headed hydra barely misses you.
You cannot read scrolls in your current state!
Unknown command.
The eight-headed hydra attacks as you move away!
The eight-headed hydra closely misses you.
You block the eight-headed hydra's attack.
The eight-headed hydra completely misses you.
The eight-headed hydra bites you.
You die...
Your body crumbles into a pile of gold.

$ ### ...#..........###....
###.## ...............#####..
##....# . ......................
#...###...##...#............#.#..
#..##i.#...#...#............###..
#..#W.#∩=.##..#...........### #..
#..##u.####..............#.# #..
....####......##.........### #..
.....##........Ds.........# #.#
.................##..#P.### ###
.........$....##.#.#.....## #
.##.##...###########......# #
######...#### ####.......## # .
#........# ##...#.......# # ##
##......####...........## ####
##..........#...##.#<.....P# #.##
#..##......P...#####.......###...


You could see an eight-headed hydra.

Vanquished Creatures
  Erica (D:8)
  A two-headed ogre (D:10)
  Amaemon (Lair:1)
  Lodul (D:9)
  A lindwurm (Lair:3)
  Pikel (D:8)
  3 elephants (Lair:2)
  An orange demon (Lair:1)
  2 cane toads (Lair:2)
  Maggie (D:7)
  2 rime drakes
  A kobold demonologist (D:7)
  3 komodo dragons
  2 tengu conjurers (D:10)
  A troll (D:9)
  A polar bear (Lair:3)
  3 blink frogs (Lair:2)
  2 slime creatures (D:9)
  2 wyverns
  Eustachio (D:6)
  44 yaks
  A wraith (D:10)
  2 basilisks
  A swamp worm (Lair:2)
  9 water moccasins
  An acid dragon (D:9)
  Duvessa (D:6)
  An orc warrior (D:9)
  2 black bears
  2 sky beasts
  13 ogres
  2 ice beasts
  6 wolves
  A centaur (D:6)
  4 lemures (D:8)
  2 phantoms
  3 kobold brigands
  3 elf zombies (Ossuary)
  6 bullfrogs
  4 necrophages
  9 scorpions
  17 wights
  Dowan (D:6)
  16 killer bees
  An electric eel (Lair:2)
  2 human zombies (Ossuary)
  A jelly (D:8)
  4 orc priests
  Crazy Yiuf (D:5)
  2 gnoll shamans
  4 hounds
  2 iguanas (D:6)
  7 orc wizards
  Natasha (thrice) (D:2)
  3 hound zombies (Ossuary)
  5 mummies
  16 gnolls
  14 adders
  A white imp (D:6)
  3 ufetubi
  An adder zombie (Ossuary)
  4 worms
  A dart slug (D:1)
  27 orcs
  6 endoplasms
  3 giant cockroaches
  8 goblins
  9 hobgoblins
  3 jackals (D:5)
  3 quokkas
  6 ball pythons
  7 bats
  5 frilled lizards
  A goblin zombie (Ossuary)
  22 kobolds
  2 kobold zombies (Ossuary)
  2 rats
  A butterfly (Lair:1)
362 creatures vanquished.

Vanquished Creatures (others)
  A kobold (D:7)
  25 fungi
  18 plants
44 creatures vanquished.

Grand Total: 406 creatures vanquished

Notes
Turn   | Place    | Note
-------+----------+-------------------------------------------
     0 | D:1      | Kenran the Spriggan Transmuter began the quest for the Orb.
     0 | D:1      | Reached XP level 1. HP: 9/9 MP: 5/5
    28 | D:1      | Found Lit Ustru's General Store.
    89 | D:1      | Reached skill level 1 in Fighting
    97 | D:1      | Reached skill level 1 in Stealth
   531 | D:1      | Found Jurasch's Armour Shoppe.
   544 | D:1      | Reached XP level 2. HP: 13/14 MP: 6/6
   781 | D:1      | Found Ibbiorch's Antique Armour Shoppe.
  1115 | D:1      | Found Seiqi's General Store.
  1184 | D:1      | Found a faded altar of an unknown god.
  1339 | D:1      | Found Qujuen's Antique Weapon Emporium.
  1975 | D:1      | Found Ibbiorch's Antique Armour Shoppe.
  2026 | D:1      | Found Lit Ustru's General Store.
  2073 | D:1      | Found a faded altar of an unknown god.
  2105 | D:1      | Found Seiqi's General Store.
  2212 | D:1      | Found Jurasch's Armour Shoppe.
  2237 | D:1      | Reached skill level 3 in Unarmed Combat
  2237 | D:1      | Reached XP level 3. HP: 13/18 MP: 6/8
  2518 | D:2      | Noticed Natasha
  2706 | D:2      | Reached XP level 4. HP: 15/22 MP: 7/9
  4205 | D:3      | Reached skill level 4 in Unarmed Combat
  4538 | D:3      | Noticed a water moccasin
  5212 | D:2      | Killed Natasha
  5213 | D:2      | Reached XP level 5. HP: 12/26 MP: 8/10
  5377 | D:2      | Noticed Natasha
  5496 | D:2      | Killed Natasha
  5639 | D:2      | Noticed Natasha
  5651 | D:2      | Killed Natasha
  5755 | D:4      | Noticed an ogre
  5951 | D:4      | Found a sand-covered staircase.
  6125 | D:4      | Learned a level 3 spell: Spider Form
  6129 | Ossuary  | Entered an ossuary
  6179 | Ossuary  | Reached XP level 6. HP: 25/30 MP: 8/11
  6504 | Ossuary  | Learned a level 4 spell: Ice Form
  6528 | Ossuary  | Reached skill level 5 in Unarmed Combat
  6608 | Ossuary  | Reached XP level 7. HP: 10/36 MP: 2/12
  7467 | D:4      | Reached skill level 6 in Unarmed Combat
  8161 | D:4      | Identified the +1 ring mail of Daisies {Harm +Blink rElec
                  | rCorr}
  8224 | D:4      | Reached skill level 5 in Dodging
  8224 | D:4      | Reached XP level 8. HP: 36/40 MP: 13/13
  8507 | D:5      | Entered Level 5 of the Dungeon
  8542 | D:5      | Reached skill level 7 in Unarmed Combat
  9368 | D:3      | Gained mutation: You tend to lose your temper in combat.
                  | [mutagenic glow]
  9383 | D:3      | Gained mutation: You are weak. (Str -2) [mutagenic glow]
  9398 | D:3      | Gained mutation: You have hidden genetic defects.
                  | [mutagenic glow]
  9850 | D:5      | Reached skill level 8 in Unarmed Combat
  9862 | D:5      | Gained mutation: You sometimes lose the ability to read
                  | scrolls when taking damage. [hidden defects]
  9912 | D:5      | Found a runed translucent door.
  9913 | D:5      | Noticed Crazy Yiuf
 10240 | D:5      | Killed Crazy Yiuf
 10397 | D:1      | Bought a potion of lignification for 36 gold pieces
 10397 | D:1      | Bought a +2 robe of cold resistance for 212 gold pieces
 10838 | D:6      | Reached XP level 9. HP: 43/46 MP: 11/16
 10847 | D:6      | Noticed Eustachio
 10847 | D:6      | Gained mutation: Your body sometimes deteriorates upon
                  | taking damage. [hidden defects]
 10847 | D:6      | Lost mutation: You have hidden genetic defects. [hidden
                  | defects expressed]
 10866 | D:6      | Killed Eustachio
 10867 | D:6      | Reached skill level 5 in Fighting
 11073 | D:6      | Noticed Duvessa
 11074 | D:6      | Noticed Dowan
 11093 | D:6      | Killed Duvessa
 11151 | D:6      | Killed Dowan
 11376 | D:6      | Identified the +4 war axe of the Red Skies {vorpal, Int-4
                  | Dex+7}
 11661 | D:6      | Reached skill level 5 in Transmutations
 11687 | D:6      | Reached skill level 5 in Stealth
 12613 | D:7      | Reached skill level 1 in Shields
 13031 | D:7      | Found a shadowy altar of Dithmenos.
 13142 | D:7      | Noticed a kobold demonologist
 13143 | D:7      | Noticed Maggie
 13163 | D:7      | Killed a kobold demonologist
 13164 | D:7      | Reached skill level 9 in Unarmed Combat
 13177 | D:7      | Killed Maggie
 13178 | D:7      | Reached XP level 10. HP: 39/51 MP: 17/17
 13360 | D:7      | Found a staircase to the Ecumenical Temple.
 13374 | Temple   | Entered the Ecumenical Temple
 13544 | Temple   | Became a worshipper of Gozag Ym Sagoz the Greedy
 13768 | D:8      | Noticed Pikel
 14040 | D:8      | Found Gugramm's Blasphemy Boutique.
 14535 | D:8      | Killed Pikel
 14667 | D:8      | Noticed Erica
 14688 | D:8      | Killed Erica
 14689 | D:8      | Reached skill level 10 in Unarmed Combat
 16105 | D:9      | Reached skill level 1 in Poison Magic
 16664 | D:9      | Reached XP level 11. HP: 56/56 MP: 14/18
 18207 | D:9      | Found a staircase to the Lair.
 18451 | D:10     | Entered Level 10 of the Dungeon
 18616 | D:10     | Noticed a two-headed ogre
 18638 | D:10     | Killed a two-headed ogre
 18639 | D:10     | Reached skill level 1 in Ice Magic
 18738 | D:10     | Reached skill level 10 in Dodging
 18875 | D:10     | Noticed Lodul
 19210 | Lair:1   | Entered Level 1 of the Lair of Beasts
 19284 | D:9      | Killed Lodul
 19472 | D:10     | Reached skill level 11 in Unarmed Combat
 20231 | Lair:1   | Upgraded the game from 0.29-a0-418-gc0181ea820 to
                  | 0.29-a0-419-g77450f2105
 20494 | Lair:1   | Reached skill level 1 in Evocations
 20683 | Lair:1   | Reached XP level 12. HP: 43/64 MP: 14/19
 20951 | Lair:1   | Noticed Amaemon
 20976 | Lair:1   | Killed Amaemon
 21806 | Lair:2   | Found a gate leading to a gauntlet.
 22191 | Lair:1   | Reached skill level 5 in Spellcasting
 22449 | Lair:2   | Found a broken altar of Ashenzari.
 22487 | Lair:2   | Reached skill level 10 in Stealth
 22898 | Lair:2   | Found a runed translucent door.
 22902 | Lair:2   | Noticed Pujutuust's ghost (journeyman SpEn)
 23199 | Lair:2   | Reached skill level 12 in Unarmed Combat
 23519 | Lair:2   | Found a staircase to the Swamp.
 24294 | Lair:3   | Identified the +3 short sword of Change {vorpal, rCorr}
 24319 | Lair:3   | Found a one-way gate to the infinite horrors of the Abyss.
 24319 | Lair:3   | Noticed Jano's ghost (journeyman DsBe)
 24326 | Lair:3   | Noticed an eight-headed hydra
 24331 | Lair:3   | Noticed a rakshasa
 24333 | Lair:3   | Noticed a rakshasa
 24341 | Lair:3   | Found a transporter.
 24371 | Lair:3   | HP: 1/64 [eight-headed hydra (8)]
 24375 | Lair:3   | Slain by an eight-headed hydra

Illustrated notes

Levels and vault maps discovered:
D:1:      minmay_arrival_radiant_lines, layout_basic, basic_ecumenical_altar,
          serial_shops, nicolae_shop_behind_doors,
          nicolae_shop_advertising_works [nicolae_subvault_shop_adworks],
          nicolae_shop_behind_doors, nicolae_diamond_shop, nicolae_shop_crystal
D:2:      layout_rooms, uniq_natasha
D:3:      layout_basic
D:4:      layout_layer_cave, gup_ossuary_entry_pyramid
D:5:      layout_rooms, grunt_tough_drop, uniq_crazy_yiuf_cottage
D:6:      old_forge, layout_gridville, uniq_eustachio, uniq_duvessa
D:7:      layout_rooms, general_overflow_altar,
          minmay_temple_entry_proselytizer, uniq_maggie
D:8:      layout_loops_ring, nicolae_evil_shop, uniq_pikel, uniq_erica
D:9:      layout_layer_cave, grunt_lair_entry_orc_guard_hut
D:10:     layout_roguey, roderic_roman_lattice, uniq_lodul
Temple:   mainiacjoe_temple_trianglar_array
Lair:1:   layout_regular_city, chequers_serial_rivers_micro_c,
          grunt_megastairs_2, lemuel_fruit_fields, uniq_amaemon
Lair:2:   layout_regular_city, nicolae_swamp_entry_splash_gauntlet,
          enter_volcano_4, gauntlet_entry_generic,
          ebering_ghost_reflecting_pool, lemuel_oklob_altar
Lair:3:   layout_roguey [special_room_bee], gammafunk_ghost_abyssal_escape,
          hibernation_bobbens

Skill      XL: |  1  2  3  4  5  6  7  8  9 10 11 12 |
---------------+-------------------------------------+-----
Fighting       | 1 2 3 4 5 6 8 |  8.0
Stealth        | 1 3 5 7 8 10 | 10.5
Unarmed Combat | 3 4 5 6 8 9 10 11 12 | 12.2
Dodging        | 4 5 7 8 10 | 10.3
Spellcasting   | 3 4 5 |  5.6
Transmutations | 3 4 5 6 8 |  8.0
Shields        | 2 3 |  3.0
Poison Magic   | 1 |  1.4
Ice Magic      | 2 |  2.0
Evocations     | 2 3 |  3.0

Action                   |  1- 3 |  4- 6 |  7- 9 | 10-12 || total
-------------------------+-------+-------+-------+-------++-------
Melee: Unarmed           |   103 |   309 |   495 |   960 ||  1867
       Kick              |    12 |    36 |    65 |    16 ||   129
       Punch             |     5 |     4 |     9 |       ||    18
       Headbutt          |     9 |    27 |    41 |    12 ||    89
 Cast: Beastly Appendage |    17 |    19 |    28 |     6 ||    70
       Spider Form       |       |     8 |    27 |    70 ||   105
Evoke: Wand              |       |       |       |     4 ||     4
  Use: Potion            |     2 |     5 |     4 |     5 ||    16
       Scroll            |     2 |     1 |     9 |     1 ||    13
 Stab: Sleeping          |     4 |     7 |     7 |     9 ||    27
       Held in net/web   |       |       |     1 |       ||     1
       Distracted        |       |       |       |     8 ||     8
Armor: Skin              |    10 |    16 |    16 |   101 ||   143
       Robe              |     8 |    22 |    48 |    14 ||    92
Dodge: Dodged            |    59 |   208 |   375 |   858 ||  1500
Block: Other             |    16 |    54 |    99 |   162 ||   331
       Reflection        |     1 |       |     2 |     4 ||     7
       Buckler           |       |       |    14 |   119 ||   133

Table legend: (Time is in decaauts)
 A = Elapsed time spent in this place.
 B = Non-inter-level travel time spent in this place.
 C = Inter-level travel time spent in this place.
 D = Time resting spent in this place.
 E = Time spent auto-exploring this place.
 F = Levels seen in this place.
 G = Mean time per level.
                   A        B        C        D        E       F      G
               +--------+--------+--------+--------+--------+-----+--------+
         Total |  20074 |  19515 |    559 |   9302 |   5670 |  15 | 1338.3 |
       Dungeon |  15599 |  15095 |    504 |   7096 |   4821 |  10 | 1559.9 |
        Temple |    115 |    108 |      7 |      0 |    103 |   1 |  115.0 |
          Lair |   3397 |   3350 |     47 |   1606 |    689 |   3 | 1132.3 |
       Ossuary |    962 |    962 |      0 |    599 |     55 |   1 |  962.0 |
               +--------+--------+--------+--------+--------+-----+--------+

Top non-repeatable levels by time:
     D:9: 2589 daAuts
     D:1: 2410 daAuts
     D:8: 1924 daAuts
     D:4: 1734 daAuts
  Lair:1: 1668 daAuts
     D:2: 1542 daAuts
     D:7: 1288 daAuts
  Lair:2: 1213 daAuts
     D:6: 1199 daAuts
     D:3: 1097 daAuts
     D:5: 1025 daAuts
 Ossuary: 962 daAuts
    D:10: 788 daAuts
  Lair:3: 515 daAuts
  Temple: 115 daAuts
